 Dungeon Crawl Stone Soup version 0.17.1-3-g152610e (webtiles) character file.

4271 Mechanique the Infuser (level 10, 0/63 HPs)
             Began as a Mummy Conjurer on Feb 26, 2016.
             Was a High Priest of Sif Muna.
             Shot with an arrow by a centaur (9 damage)
             ... on level 8 of the Dungeon on Feb 28, 2016.
             The game lasted 01:04:31 (14921 turns).

Mechanique the Infuser (Mummy Conjurer)            Turns: 14921, Time: 01:04:31

Health: 0/63       AC:  5    Str: 12    XL:     10   Next: 10%
Magic:  5/18       EV: 18    Int: 17    God:    Sif Muna [*****.]
Gold:   352        SH:  0    Dex: 13    Spells: 3 memorised, 10 levels left

rFire  x . .     SeeInvis .     g - +3 whip (distort)
rCold  + + .     Clarity  .     s - +0 robe
rNeg   + + +     SustAt   .     (no shield)
rPois  ∞         Gourm    .     (no helmet)
rElec  .         Spirit   .     f - +0 cloak
rCorr  .         Warding  .     n - +1 pair of gloves
rMut   +         Stasis   .     (no boots)
MR     +....                    p - amulet of resist mutation
Stlth  ++........               m - +5 ring of evasion
                                u - ring of protection from cold

@: somewhat resistant to hostile enchantments, unstealthy
A: no food or potions, fire vulnerability, cold resistance 1, negative energy
resistance 3, torment resistance, unbreathing
a: Channel Energy, Forget Spell, Renounce Religion


You were on level 8 of the Dungeon.
You worshipped Sif Muna.
Sif Muna was extremely pleased with you.
You were not hungry.

You visited 1 branch of the dungeon, and saw 8 of its levels.

You collected 352 gold pieces.

Inventory:

Hand Weapons
 g - a +3 whip of distortion (weapon)
Armour
 f - a +0 cloak (worn)
 n - a +1 pair of gloves (worn)
 s - a +0 robe (worn)
Jewellery
 h - an uncursed ring of sustain attributes
 m - a +5 ring of evasion (right hand)
 p - an amulet of resist mutation (around neck)
 u - a ring of protection from cold (left hand)
Wands
 l - a wand of lightning (6)
 o - a wand of confusion (13)
 r - a wand of teleportation (8)
Scrolls
 a - 3 scrolls of enchant armour
 c - 8 scrolls of identify
 d - 4 scrolls of remove curse
 e - 2 scrolls of recharging
 i - 3 scrolls of teleportation
 j - a scroll of fear
Books
 b - a book of Conjurations

   Spells                             Type                      Level
   a - Magic Dart                     Conjuration                  1
   b - Searing Ray                    Conjuration                  2
   c - Dazzling Spray                 Conjuration/Hexes            3
   d - Fulminant Prism                Conjuration/Hexes            4
   e - Iskenderun's Mystic Blast      Conjuration                  4
   f - Iskenderun's Battlesphere      Conjuration/Charms           5
 k - a book of Enchantments

   Spells                             Type                      Level
   a - Cause Fear                     Hexes                        4
   b - Silence                        Hexes/Air                    5
   c - Deflect Missiles               Charms/Air                   6
   d - Haste                          Charms                       6
   e - Discord                        Hexes                        8
 q - a Grand Grimoire

   Spells                             Type                      Level
   a - Monstrous Menagerie            Summoning                    6
   b - Summon Greater Demon           Summoning                    7
   c - Malign Gateway                 Summoning/Translocation      7
   d - Summon Horrible Things         Summoning                    8


   Skills:
 - Level 2.6 Dodging
 - Level 1.5 Stealth
 - Level 5.8 Spellcasting
 - Level 7.0 Conjurations
 * Level 9.2 Charms


You had 10 spell levels left.
You knew the following spells:

 Your Spells              Type           Power        Failure   Level  Hunger
a - Magic Dart            Conj           ####         1%          1    N/A
b - Iskenderun's Mystic   Conj           ####....     10%         4    N/A
c - Iskenderun's Battles  Conj/Chrm      ####....     14%         5    N/A

Dungeon Overview and Level Annotations

Branches:
Dungeon (8/15)             Temple (0/1) D:4
   Lair: D:8-11

Altars:
Cheibriados
Makhleb
Okawaru
Sif Muna


Innate Abilities, Weirdness & Mutations

You do not eat or drink.
Your flesh is vulnerable to fire.
You are immune to poison.
Your flesh is cold resistant.
You are immune to negative energy.
You are immune to unholy pain and torment.
You can survive without breathing.


Message History

The centaur is heavily wounded.
The centaur shoots an arrow.
The arrow hits you!
* * * LOW HITPOINT WARNING * * *
The hound bites you.
* * * LOW HITPOINT WARNING * * *
The hound bites your battlesphere. x2
Your battlesphere is destroyed!
Casting: Iskenderun's Mystic Blast
Confirm with . or Enter, or press ? or * to list all spells.
Aiming: Magic Dart
Press: ? - help, Shift-Dir - straight line, f - hound, p - centaur
Aim: a hound (almost dead)
The magic dart hits the hound.
You kill the hound!
The crimson imp blinks!
The centaur shoots an arrow.
The arrow hits you.
* * * LOW HITPOINT WARNING * * *
You see here an arrow.
The centaur shoots an arrow.
The arrow hits you!
You die...

. .###.. .###. .# .....
..... .#### ....#######....
.#..# ##..#.(#(.#..##
....#.... ......#."c...#
.).###..# #..###(.#
........#######.....§.#
........#..#..#..(....#
..###......#....@###)....#
..........###.....#.....##
##.............#..#..#....
##.#.^.........#######.....
......#####....#..# ....#
...##.#........†..# ....
...##.#.#####....##
......#.# #........
.......... #..#.....


You could see a centaur.

Vanquished Creatures
  Pikel (D:6)
  Eustachio (D:5)
  2 sky beasts
  A phantom (D:7)
  3 orc warriors
  2 black bears
  7 ogres
  A slave (D:7)
  A crocodile (D:7)
  4 centaurs
  2 giant frogs (D:7)
  A water moccasin zombie (D:7)
  4 scorpions
  5 wights
  8 crimson imps
  9 orc wizards
  2 giant frog zombies (D:6)
  3 hounds
  2 centaur skeletons
  An orc priest (D:8)
  3 iguanas
  6 worker ants
  A giant frog simulacrum (D:8)
  A centaur simulacrum (D:8)
  A worker ant zombie (D:5)
  9 adders
  6 gnolls
  A shadow imp (D:6)
  2 adder skeletons
  7 worms
  24 orcs
  5 giant cockroaches
  10 goblins
  8 hobgoblins
  7 jackals
  6 kobolds
  8 bats
  2 giant geckos (D:5)
  4 giant newts
  7 quokkas
  2 quokka skeletons
  7 rats
187 creatures vanquished.

Vanquished Creatures (others)
  3 slaves (D:7)
  A scorpion (D:7)
  A hound (D:5)
  2 orcs (D:7)
7 creatures vanquished.

Grand Total: 194 creatures vanquished

Notes
Turn   | Place    | Note
--------------------------------------------------------------
     0 | D:1      | Mechanique the Mummy Conjurer began the quest for the Orb.
     0 | D:1      | Reached XP level 1. HP: 13/13 MP: 3/3
   857 | D:1      | Reached XP level 2. HP: 14/19 MP: 0/5
  1742 | D:2      | Reached XP level 3. HP: 24/24 MP: 2/6
  1929 | D:2      | Found a deep blue altar of Sif Muna.
  1932 | D:2      | Became a worshipper of Sif Muna the Loreminder
  3197 | D:3      | Reached XP level 4. HP: 30/30 MP: 3/8
  3380 | D:3      | Learned a level 4 spell: Iskenderun's Mystic Blast
  4699 | D:3      | Reached skill level 4 in Conjurations
  5045 | D:3      | Noticed an ogre
  5051 | D:3      | Killed an ogre
  5051 | D:3      | Reached XP level 5. HP: 35/35 MP: 0/11
  5501 | D:4      | Reached * piety under Sif Muna
  5508 | D:4      | Noticed an ogre
  5649 | D:4      | Killed an ogre
  5649 | D:4      | Reached XP level 6. HP: 41/41 MP: 1/13
  5750 | D:4      | Found a staircase to the Ecumenical Temple.
  5765 | D:4      | Reached skill level 5 in Spellcasting
  6184 | D:4      | Noticed an ogre
  6357 | D:4      | Killed an ogre
  6837 | D:4      | Reached XP level 7. HP: 34/46 MP: 2/15
  7034 | D:4      | Learned a level 5 spell: Iskenderun's Battlesphere
  7195 | D:4      | Reached skill level 5 in Conjurations
  7609 | D:5      | Entered Level 5 of the Dungeon
  7912 | D:5      | Reached ** piety under Sif Muna
  8210 | D:5      | Reached skill level 6 in Conjurations
  8386 | D:5      | Reached XP level 8. HP: 49/52 MP: 11/16
  8516 | D:5      | Found a burning altar of Makhleb.
  8529 | D:5      | Noticed Eustachio
  8703 | D:5      | Killed Eustachio
  8703 | D:5      | Reached skill level 1 in Charms
  8884 | D:5      | Reached skill level 7 in Conjurations
  9446 | D:6      | Reached *** piety under Sif Muna
 10708 | D:6      | Found a snail-covered altar of Cheibriados.
 10742 | D:6      | Found an iron altar of Okawaru.
 11460 | D:6      | Reached skill level 5 in Charms
 11460 | D:6      | Reached XP level 9. HP: 57/57 MP: 12/17
 11734 | D:6      | Reached **** piety under Sif Muna
 12739 | D:7      | Noticed Pikel
 12803 | D:6      | Killed Pikel
 12803 | D:6      | Reached ***** piety under Sif Muna
 13145 | D:7      | Reached skill level 8 in Charms
 14172 | D:7      | Reached XP level 10. HP: 24/63 MP: 4/18
 14622 | D:8      | Reached skill level 9 in Charms
 14921 | D:8      | Shot with an arrow by a centaur

Action                   |  1- 3 |  4- 6 |  7- 9 | 10-12 || total
-------------------------+-------+-------+-------+-------++-------
Melee: Dagger            |    47 |    30 |       |       ||    77
       Whip              |       |    16 |   118 |     5 ||   139
 Cast: Magic Dart        |   100 |   141 |   262 |    41 ||   544
       Iskenderun's Myst |       |    11 |    76 |     5 ||    92
       Iskenderun's Batt |       |       |     5 |     3 ||     8
Invok: Channel Energy    |       |     1 |       |       ||     1
  Use: Scroll            |     3 |     4 |     3 |     1 ||    11
